 Dungeon Crawl Stone Soup version 0.29.0-13-gc9e81de378 (webtiles) character file.

Game seed: 15793969811426361637

445 themarg the Trooper (level 6, 0/84 HPs)
             Began as a Minotaur Berserker on Sept 7, 2022.
             Was a Priest of Trog.
             Slain by Grinder (2 damage)
             ... on level 4 of the Dungeon.
             The game lasted 00:05:36 (4239 turns).

themarg the Trooper (Minotaur Berserker)            Turns: 4239, Time: 00:05:37

Health: 0/84       AC: 23    Str: 23    XL:     6   Next: 72%
Magic:  5/5        EV:  2    Int:  4    God:    Trog [***...]
Gold:   159        SH:  0    Dex: 10    Spells: 5/5 levels left

rFire   . . .      SeeInvis .   a - +0 hand axe
rCold   . . .      Faith    .   (no shield)
rNeg    + . .      Spirit   .   (body armour currently unavailable)
rPois   +          Reflect  .   (helmet currently unavailable)
rElec   .          Harm     .   (cloak currently unavailable)
rCorr   .          Rampage  .   (gloves currently unavailable)
Will    .....      NoTele   +   (boots currently unavailable)
Stlth   +.........              (no amulet)
HPRegen 0.24/turn               w - ring of positive energy
MPRegen 0.09/turn               (no ring)

@: tree-form
A: stationary, stasis, torment immunity, boosted hp, (horns 2), (retaliatory
headbutt)
a: Renounce Religion, Berserk, Trog's Hand


You were on level 4 of the Dungeon.
You worshipped Trog.
Trog was most pleased with you.
You were a tree.
You visited 1 branch of the dungeon, and saw 4 of its levels.

You collected 159 gold pieces.

Inventory:

Hand Weapons
 a - a +0 hand axe (weapon)
Missiles
 j - 4 poisoned darts (quivered)
Armour
 b - a +0 animal skin
 f - a +0 leather armour (melded)
Jewellery
 w - a ring of positive energy (left branch)
Wands
 m - a wand of charming (8)
Scrolls
 d - a scroll of identify {unknown}
 i - 3 scrolls of poison {unknown}
 k - a scroll of amnesia {unknown}
 l - a scroll of silence {unknown}
 o - a scroll of summoning {unknown}
 r - a scroll of vulnerability {unknown}
 s - 4 scrolls of immolation {unknown}
 t - 2 scrolls of magic mapping {unknown}
 u - a scroll of enchant armour {unknown}
 v - 3 scrolls of teleportation {unknown}
Potions
 c - 2 potions of might {unknown}
 e - a potion of ambrosia {unknown}
 h - a potion of lignification
 n - a potion of curing {unknown}
 p - 3 potions of attraction {unknown}
 q - a potion of brilliance {unknown}
 x - a potion of mutation {unknown}


   Skills:
 + Level 5.5 Fighting
 + Level 5.5 Axes
 + Level 4.8 Armour
 + Level 4.3 Dodging


You had 5 spell levels left.
You didn't know any spells.
Your spell library was empty.

Dungeon Overview and Level Annotations

Branches:
Dungeon (4/15)
 Temple: D:4-7

Altars:

Annotations:
D:4 Grinder


Innate Abilities, Weirdness & Mutations

You are a tree.
Your roots penetrate the ground, keeping you stationary.
You cannot be teleported.
You are immune to unholy pain and torment.
Your maximum health is greatly increased.
Your equipment is partially melded.
((You have a pair of horns on your head.))
((You reflexively headbutt those who attack you in melee.))


Message History

You cannot move.
Okay, then.
Throw: 9 darts (poison)
Press: ? - help, Q - select action, (/) - cycle Shift-Dir - straight line, f - Grinder
Aim: Grinder (heavily wounded, 53% to hit)
You throw a poisoned dart.
The poisoned dart barely misses Grinder.
Throw: 8 darts (poison)
Press: ? - help, Q - select action, (/) - cycle Shift-Dir - straight line, f/p - Grinder
Aim: Grinder (heavily wounded, 53% to hit)
You throw a poisoned dart. The poisoned dart hits Grinder.
Grinder is heavily wounded.
Grinder blinks!
Throw: 7 darts (poison)
Press: ? - help, Q - select action, (/) - cycle Shift-Dir - straight line, f/p - Grinder
Aim: Grinder (heavily wounded, 53% to hit)
You throw a poisoned dart. The poisoned dart hits Grinder.
Grinder is heavily wounded.
Throw: 6 darts (poison)
Press: ? - help, Q - select action, (/) - cycle Shift-Dir - straight line, f/p - Grinder
Aim: Grinder (heavily wounded, 53% to hit)
You throw a poisoned dart. The poisoned dart hits Grinder.
Grinder is heavily wounded.
Grinder blinks!
Throw: 5 darts (poison)
Press: ? - help, Q - select action, (/) - cycle Shift-Dir - straight line, f/p - Grinder
Aim: Grinder (heavily wounded, 53% to hit)
You throw a poisoned dart. The poisoned dart hits Grinder.
Grinder is heavily wounded.
You barely miss Grinder.
Grinder is heavily wounded.
Grinder hits you.
* * * LOW HITPOINT WARNING * * *
You closely miss Grinder.
Grinder is heavily wounded.
Grinder hits you but does no damage.
You hit Grinder.
Grinder is heavily wounded.
Grinder hits you.
You die...

####
###...#
##.....#
##......#
#(......#
....
##.(.....#
....
#.......#
#...
#....♣5(#
#...
#.......#
#..#
#......##
#..
#..†..(#
#..
#.....##
#..
#....##
##..
##.###
#..# #.##
##.##
#..##
##...#


You could see Grinder.

Vanquished Creatures
  5 scorpions (D:4)
  4 gnolls (D:4)
  2 adders
  A worm (D:2)
  6 dart slugs
  An orc (D:3)
  10 endoplasms
  4 giant cockroaches
  5 goblins
  9 hobgoblins
  4 quokkas
  7 ball pythons
  11 bats
  2 frilled lizards (D:1)
  5 kobolds
  5 rats
81 creatures vanquished.

Vanquished Creatures (others)
  11 fungi
  4 plants (D:4)
15 creatures vanquished.

Grand Total: 96 creatures vanquished

Notes
Turn   | Place    | Note
-------+----------+-------------------------------------------
     0 | D:1      | themarg the Minotaur Berserker began the quest for the Orb.
     0 | D:1      | Reached XP level 1. HP: 19/19 MP: 0/0
    11 | D:1      | Found a faded altar of an unknown god.
   231 | D:1      | Reached XP level 2. HP: 24/27 MP: 1/1
   869 | D:2      | Reached ** piety under Trog
  1078 | D:2      | Reached XP level 3. HP: 33/33 MP: 2/2
  2290 | D:3      | Identified the +10 falchion of the Girdle {vorpal, Drain
                  | rPois rC- rCorr}
  2349 | D:3      | Reached XP level 4. HP: 26/40 MP: 3/3
  3559 | D:4      | Noticed a scorpion
  3560 | D:4      | Noticed a scorpion
  3565 | D:4      | Killed a scorpion
  3565 | D:4      | Reached *** piety under Trog
  3566 | D:4      | Reached XP level 5. HP: 32/47 MP: 4/4
  3570 | D:4      | Reached skill level 5 in Fighting
  3570 | D:4      | Reached skill level 5 in Axes
  3805 | D:4      | Reached XP level 6. HP: 46/56 MP: 5/5
  4184 | D:4      | Noticed Grinder
  4195 | D:4      | Paralysed by Grinder for 4 turns
  4218 | D:4      | Paralysed by Grinder for 4 turns
  4224 | D:4      | HP: 4/84 [Grinder (6)]
  4237 | D:4      | HP: 2/84 [Grinder (5)]
  4239 | D:4      | Slain by Grinder

Illustrated notes

Levels and vault maps discovered:
D:1:      dpeg_arrival_tiny_a, layout_rooms, basic_ecumenical_altar
D:2:      kb_forest_paths, layout_basic, dreamdust_mushroom_princess
D:3:      layout_loops_cross
D:4:      old_forge, layout_cave_pods, item_on_display_a, uniq_grinder

Skill      XL: |  1  2  3  4  5 |
---------------+----------------+-----
Fighting       | 4 5 |  5.5
Axes           | 4 5 |  5.5
Armour         | 3 4 |  4.8
Dodging        | 3 4 |  4.3

Action                   |  1- 3 |  4- 6 || total
-------------------------+-------+-------++-------
Melee: Hand axe          |   102 |   115 ||   217
       Headbutt          |    15 |    12 ||    27
       Punch             |       |     2 ||     2
Throw: Dart              |       |     5 ||     5
Invok: Berserk           |       |     2 ||     2
  Use: Potion            |     1 |     3 ||     4
Armor: Animal skin       |     6 |       ||     6
       Leather armour    |    16 |    23 ||    39
       Skin              |       |     6 ||     6
Dodge: Dodged            |    63 |    76 ||   139
